 Dungeon Crawl Stone Soup version 0.20.1-1-g8b1a95d (webtiles) character file.

2268 homeworkjunkie the Cleaver (level 9, -7/78 HPs)
             Began as a Hill Orc Fighter on Nov 7, 2017.
             Mangled by an orc warrior
             ... wielding a +0 dire flail
              (14 damage)
             ... on level 7 of the Dungeon.
             The game lasted 00:11:03 (4871 turns).

homeworkjunkie the Cleaver (Hill Orc Fighter)       Turns: 4871, Time: 00:11:04

Health: -7/78      AC: 11    Str: 20    XL:     9   Next: 38%
Magic:  9/9        EV:  6    Int:  8    God:
Gold:   310        SH: 10    Dex: 12    Spells: 8/8 levels left

rFire    x . .     SeeInvis .   a - +1 war axe
rCold    + . .     Gourm    .   c - +0 shield
rNeg     . . .     Faith    .   d - +0 chain mail
rPois    .         Spirit   .   (no helmet)
rElec    .         Reflect  .   (no cloak)
rCorr    .         Harm     .   t - +0 pair of gloves
MR       .....                  (no boots)
Stlth    ..........             (no amulet)
Regen    0.3/turn               o - ring of ice
MPRegen  0.2/turn               (no ring)

@: no status effects
A: no striking features
a: Convert to Beogh


You were on level 7 of the Dungeon.
You were not hungry.

You visited 1 branch of the dungeon, and saw 7 of its levels.
You also visited: Ossuary.

You collected 310 gold pieces.

Inventory:

Hand Weapons
 a - a +1 war axe (weapon)
Armour
 c - a +0 shield (worn)
 d - a +0 chain mail (worn)
 t - a +0 pair of gloves (worn)
Jewellery
 o - a ring of ice (left hand)
Wands
 u - a wand of digging (15/24)
Scrolls
 b - a scroll of teleportation
 e - 5 scrolls of remove curse
 j - a scroll of magic mapping
 r - a scroll of recharging
 s - a scroll of enchant weapon
 v - a scroll of brand weapon {unknown}
Potions
 g - 3 potions of brilliance
 i - 3 potions of curing
 k - 2 potions of degeneration {unknown}
 l - 7 potions of flight
 m - a potion of resistance
 n - 3 potions of heal wounds
 p - a potion of mutation {unknown}
 q - a potion of magic {unknown}
Comestibles
 f - 2 bread rations
 h - 2 meat rations


   Skills:
 * Level 6.9 Fighting
 * Level 11.1 Axes
 * Level 6.6 Armour
 + Level 1.0 Dodging
 * Level 6.3 Shields


You had 8 spell levels left.
You didn't know any spells.

Dungeon Overview and Level Annotations

Branches:
Dungeon (7/15)
 Temple: D:4-7

Altars:
Cheibriados
Kikubaaqudgha
Qazlal
Trog
Xom


Message History

The centaur hits you but does no damage.
The orc warrior hits you with a dire flail!
You are too injured to fight recklessly!
You closely miss the orc warrior.
The orc warrior is lightly wounded.
You hit the centaur. The centaur barely misses you.
The orc warrior hits you but does no damage.
The centaur hits you.
You closely miss the orc warrior.
The orc warrior is lightly wounded.
Your shield and chain mail prevent you from hitting the centaur.
The centaur hits you.
The orc warrior hits you with a dire flail!!
* * * LOW HITPOINT WARNING * * *
Your chain mail prevents you from hitting the orc warrior.
The orc warrior is lightly wounded.
Your chain mail prevents you from hitting the centaur.
You block the centaur's attack.
The orc warrior hits you with a dire flail!
You die...

... . #... .# ...
###.### .......
##..... .......##
#....o###
#...ooc@#
#....##o########
.......#.........#
.......#.........#
.#.....#.........#
.......#†........#
#...####.........#
##.. #.........#
#<........#


You could see an orc warrior, a centaur, an orc priest, an orc wizard and an
orc.

Vanquished Creatures
  Grinder (D:6)
  Duvessa (D:5)
  A water moccasin (D:5)
  A sky beast (D:6)
  2 ice beasts
  2 ogres
  The ghost of letownia2 the Grave Robber, an amateur DDNe (D:4)
  A centaur (D:5)
  An elf zombie (Ossuary)
  2 bullfrogs (D:6)
  Dowan (D:5)
  3 scorpions
  A water moccasin skeleton (D:4)
  A bullfrog zombie (D:5)
  3 human zombies (Ossuary)
  2 centaur zombies (Ossuary)
  2 hounds
  An orc priest (D:3)
  3 orc wizards
  A centaur skeleton (D:4)
  Terence (D:3)
  3 worker ants
  The ghost of homeworkjunkie the Skirmisher, a weakling HOFi (D:3)
  2 mummies (Ossuary)
  3 gnolls (D:3)
  8 adders
  3 oozes
  2 adder zombies
  An adder skeleton (D:4)
  3 worms
  A dart slug (D:1)
  5 leopard geckos
  15 orcs
  10 bats
  6 giant cockroaches
  8 goblins
  7 hobgoblins
  10 kobolds
  3 quokkas
  2 frilled lizards
  A goblin zombie (Ossuary)
  7 hobgoblin zombies (Ossuary)
  A jackal zombie (Ossuary)
  7 kobold zombies (Ossuary)
  12 orc zombies (Ossuary)
  7 rats
  2 rat zombies (Ossuary)
162 creatures vanquished.

Notes
Turn   | Place    | Note
-------+----------+-------------------------------------------
     0 | D:1      | homeworkjunkie the Hill Orc Fighter began the quest for the Orb.
     0 | D:1      | Reached XP level 1. HP: 19/19 MP: 1/1
   135 | D:2      | Reached XP level 2. HP: 27/27 MP: 2/2
   212 | D:3      | Found a stormy altar of Qazlal.
   225 | D:3      | Noticed Terence
   241 | D:3      | Reached skill level 3 in Axes
   241 | D:3      | Reached XP level 3. HP: 19/33 MP: 3/3
   245 | D:3      | Killed Terence
   259 | D:3      | Reached XP level 4. HP: 22/40 MP: 4/4
   449 | D:3      | Reached skill level 4 in Axes
   449 | D:3      | Reached XP level 5. HP: 16/47 MP: 5/5
   866 | D:3      | Noticed homeworkjunkie's ghost (weakling HOFi)
   874 | D:3      | Killed homeworkjunkie's ghost
   906 | D:3      | Reached skill level 5 in Axes
  1248 | D:3      | Reached XP level 6. HP: 50/53 MP: 6/6
  2353 | D:4      | Reached skill level 5 in Armour
  2486 | D:4      | Reached skill level 5 in Fighting
  2486 | D:4      | Reached skill level 6 in Axes
  2486 | D:4      | Reached XP level 7. HP: 46/61 MP: 7/7
  2539 | D:5      | Entered Level 5 of the Dungeon
  2774 | D:4      | Noticed letownia2's ghost (amateur DDNe)
  2785 | D:4      | Killed letownia2's ghost
  2930 | D:4      | Reached skill level 7 in Axes
  3091 | D:4      | Found a shimmering altar of Xom.
  3093 | D:4      | Found an opulent altar of Gozag.
  3093 | D:4      | Found an opulent altar of Gozag.
  3095 | D:4      | Found an ancient bone altar of Kikubaaqudgha.
  3095 | D:4      | Found a bloodstained altar of Trog.
  3095 | D:4      | Found a snail-covered altar of Cheibriados.
  3099 | D:4      | Reached skill level 5 in Shields
  3388 | D:6      | Reached XP level 8. HP: 69/69 MP: 8/8
  3401 | D:6      | Reached skill level 8 in Axes
  3540 | D:6      | Found a sand-covered staircase.
  3546 | D:6      | Noticed Grinder
  3562 | Ossuary  | Entered an ossuary
  3733 | Ossuary  | Reached skill level 9 in Axes
  3937 | D:6      | Killed Grinder
  3937 | D:6      | Reached skill level 10 in Axes
  3937 | D:6      | Reached XP level 9. HP: 42/78 MP: 9/9
  4253 | D:5      | Reached skill level 1 in Dodging
  4429 | D:5      | Noticed Duvessa
  4429 | D:5      | Noticed Dowan
  4454 | D:5      | Killed Duvessa
  4454 | D:5      | Reached skill level 11 in Axes
  4465 | D:5      | Killed Dowan
  4871 | D:7      | Mangled by an orc warrior

Skill      XL: |  1  2  3  4  5  6  7  8  9 |
---------------+----------------------------+-----
Fighting       | 4 5 6 |  6.9
Axes           | 3 4 5 6 7 10 11 | 11.1
Armour         | 4 5 6 |  6.6
Shields        | 4 5 6 |  6.3
Dodging        | 1 |  1.0

Action                   |  1- 3 |  4- 6 |  7- 9 || total
-------------------------+-------+-------+-------++-------
Melee: War axe           |    34 |   197 |   277 ||   508
  Use: Potion            |     1 |     2 |     5 ||     8
       Scroll            |       |     9 |     2 ||    11
  Eat: Bread ration      |       |     1 |     2 ||     3
       Royal jelly       |       |       |     2 ||     2
Armor: Scale mail        |    25 |    21 |       ||    46
       Chain mail        |       |    77 |   114 ||   191
Dodge: Dodged            |    13 |    56 |    61 ||   130
Block: Shield            |    23 |   122 |   105 ||   250
